 Dungeon Crawl Stone Soup version 0.23.2-1-ga50397a (webtiles) character file.

Game seed: 13813382781863568879

114 Heatsaber the Vexing (level 4, -6/23 HPs)
             Began as a Vine Stalker Arcane Marksman on May 26, 2019.
             Killed by divine providence
             ... invoked by an orc priest
              (14 damage)
             ... on level 3 of the Dungeon.
             The game lasted 00:16:13 (3174 turns).

Heatsaber the Vexing (Vine Stalker Arcane Marksman) Turns: 3174, Time: 00:16:13

Health: -6/23      AC: 10    Str: 14    XL:     4   Next: 98%
Magic:  0/6        EV:  6    Int: 13    God:
Gold:   76         SH:  0    Dex: 14    Spells: 2/5 levels left

rFire    . . .     SeeInvis .   g - +0 dagger
rCold    . . .     Gourm    .   (no shield)
rNeg     . . .     Faith    .   k - +0 chain mail
rPois    .         Spirit   +   (no helmet)
rElec    .         Reflect  .   (no cloak)
rCorr    .         Harm     .   (no gloves)
MR       .....                  j - +1 pair of boots
Stlth    ..........             (no amulet)
HPRegen  0.47/turn              i - ring of stealth
MPRegen  0.10/turn              (no ring)

@: no status effects
A: fangs 2, regeneration 1, magic shield, antimagic bite, no potion heal 3, rot
immunity
a: no special abilities


You were on level 3 of the Dungeon.
You were not hungry.

You visited 1 branch of the dungeon, and saw 3 of its levels.

You collected 76 gold pieces.

Inventory:

Hand Weapons
 b - a +0 club
 g - a +0 dagger (weapon)
Missiles
 c - a javelin (quivered)
 d - a throwing net
Armour
 j - a +1 pair of boots (worn)
 k - a +0 chain mail (worn)
 l - a +0 ring mail
Jewellery
 i - a ring of stealth (left hand)
Scrolls
 m - a scroll of remove curse
 o - a scroll of teleportation
Potions
 h - a potion of heal wounds {unknown}
 p - a potion of curing {unknown}
Comestibles
 a - 3 chunks of flesh
 f - 4 rations


   Skills:
 + Level 2.7 Fighting
 + Level 1.4 Short Blades
 - Level 1.7 Throwing
 + Level 2.1 Armour
 - Level 1.5 Dodging
 - Level 1.1 Spellcasting
 - Level 3.0 Hexes


You had 2 spell levels left.
You knew the following spells:

 Your Spells              Type           Power        Failure   Level  Hunger
a - Corona                Hex            #......      91%         1    ##.....
b - Slow                  Hex            #.......     97%         2    ###....

Your spell library contained the following spells:

 Spells                   Type           Power        Failure   Level  Hunger
 Inner Flame              Hex/Fire       #.......     100%        3    ####...
 Portal Projectile        Hex/Tloc       #.....       100%        3    ####...
 Cause Fear               Hex            #.........   100%        4    #####..
 Leda's Liquefaction      Hex/Erth       #.........   100%        4    #####..


Dungeon Overview and Level Annotations

Branches:
Dungeon (3/15)

Altars:
Sif Muna

Annotations:
D:3 2 transporters


Innate Abilities, Weirdness & Mutations

You have extremely sharp teeth.
Your natural rate of healing is unusually fast.
When hurt, damage is shared between your health and your magic reserves.
Your bite disrupts and absorbs the magic of your enemies.
Potions cannot restore your health.
You are immune to rotting.


Message History

The orc priest hits you but does no damage.
You closely miss the orc priest. Your bite misses the orc priest.
The orc priest is heavily wounded.
The orc priest hits you but does no damage.
You hit the orc priest.
The orc priest is severely wounded.
The orc priest mumbles some strange prayers to Beogh against you.
Beogh smites you!
Ouch! That really hurt!
You hit the orc priest but do no damage.
The orc priest is severely wounded.
The orc priest hits you with a +0 falchion.
You hit the orc priest.
The orc priest is severely wounded.
You closely miss the orc priest.
The orc priest is severely wounded.
The orc priest invokes the aid of Beogh against you.
Beogh smites you!
Ouch! That really hurt!
You die...

. #............. #.
##.............
###.####..............
###.....................
.................#.....
#........####..#######
#.(.........)....#
####........#########
#.>.....@...###
..#######o....# #...#..#
#..##.## ....##.#
#...###.# #.## #.# #.
#.# o. #.#


You could see an orc priest.

Vanquished Creatures
  Terence (D:1)
  3 adders
  An ooze (D:1)
  A worm (D:2)
  3 dart slugs
  3 orcs (D:3)
  4 bats
  3 giant cockroaches
  6 goblins
  6 hobgoblins
  A ball python (D:1)
  3 frilled lizards (D:2)
  8 kobolds
  4 rats
47 creatures vanquished.

Notes
Turn   | Place    | Note
-------+----------+-------------------------------------------
     0 | D:1      | Heatsaber the Vine Stalker Arcane Marksman began the quest
                  | for the Orb.
     0 | D:1      | Reached XP level 1. HP: 9/9 MP: 3/3
   137 | D:1      | Reached skill level 1 in Fighting
   512 | D:1      | Reached XP level 2. HP: 14/14 MP: 4/4
   713 | D:1      | Reached skill level 1 in Armour
  1272 | D:1      | Reached XP level 3. HP: 18/18 MP: 5/5
  1530 | D:2      | Learned a level 2 spell: Slow
  1791 | D:2      | Noticed Terence
  2144 | D:2      | Found a deep blue altar of Sif Muna.
  2687 | D:3      | Gained mutation: Your natural rate of healing is unusually
                  | fast. [Vine Stalker growth]
  2687 | D:3      | Reached XP level 4. HP: 16/23 MP: 6/6
  2923 | D:1      | Killed Terence
  2923 | D:1      | Reached skill level 1 in Short Blades
  2980 | D:3      | Found a transporter.
  2980 | D:3      | Found a transporter.
  3174 | D:3      | Killed from afar by an orc priest

Skill      XL: |  1  2  3  4 |
---------------+-------------+-----
Fighting       | 1 2 |  2.7
Armour         | 1 2 |  2.1
Short Blades   | 1 |  1.4
Throwing       | |  1.7
Dodging        | |  1.5
Spellcasting   | |  1.1
Hexes          | |  3.0

Action                   |  1- 3 |  4- 6 || total
-------------------------+-------+-------++-------
Melee: Unarmed           |     8 |       ||     8
       Club              |    13 |       ||    13
       Bite              |    37 |    20 ||    57
       Dagger            |   109 |   103 ||   212
Throw: Javelin           |    30 |     4 ||    34
       Throwing net      |     2 |       ||     2
  Use: Scroll            |     4 |       ||     4
       Potion            |     1 |       ||     1
 Stab: Sleeping          |     1 |       ||     1
  Eat: Chunk             |     5 |     2 ||     7
Armor: Robe              |     1 |       ||     1
       Ring mail         |    43 |     2 ||    45
       Chain mail        |       |    50 ||    50
Dodge: Dodged            |    76 |    27 ||   103
